 Dungeon Crawl Stone Soup version 0.31-a0-277-g31ea1f65cc (webtiles) character file.

Game seed: 15531012538734445070

2845 promet the Thaumaturge (level 9, 0/52 HPs)
             Began as a Deep Elf Air Elementalist on July 15, 2023.
             Was an Initiate of Dithmenos.
             Slain by a vampire mosquito (7 damage)
             ... on level 7 of the Dungeon on July 16, 2023.
             The game lasted 00:46:19 (13876 turns).

promet the Thaumaturge (Deep Elf Air Elementalist) Turns: 13876, Time: 00:46:20

Health: 0/52       AC:  7    Str:  9    XL:     9   Next: 46%
Magic:  20/23      EV: 18    Int: 21    God:    Dithmenos [......]
Gold:   304        SH:  5    Dex: 15    Spells: 15/24 levels left

rFire   . . .        a - +2 quarterstaff (spect)
rCold   . . .        (shield currently unavailable)
rNeg    . . .        w - +0 leather armour
rPois   .            k - +0 helmet
rElec   .            f - +2 cloak
rCorr   .            (no gloves)
SInv    .            (no boots)
Will    .....        E - amulet of reflection
Stlth   +++          c - +5 ring of evasion
HPRegen 0.28/turn    g - ring of flight
MPRegen 0.18/turn

%: reflection
@: flying
A: no striking features
a: Renounce Religion


You were on level 7 of the Dungeon.
You worshipped Dithmenos.
Dithmenos was noncommittal.
You visited 1 branch of the dungeon, and saw 9 of its levels.

You collected 304 gold pieces.

Inventory:

Hand Weapons
 a - a +2 spectral quarterstaff (weapon)
 b - a +0 orcbow
 i - a +5 flail of protection
 j - a +5 short sword of draining
 n - a +0 heavy mace
 r - a +0 scythe
 s - a +0 antimagic short sword
 t - a +4 quarterstaff of chaos
 v - a +0 rapier
Missiles
 m - 4 boomerangs (quivered)
 q - 49 stones
Armour
 f - a +2 cloak (worn)
 k - a +0 helmet (worn)
 w - a +0 leather armour (worn)
Magical Staves
 h - a staff of fire
 p - a staff of death
Jewellery
 c - a +5 ring of evasion (left hand)
 g - a ring of flight (right hand)
 E - an amulet of reflection (around neck)
 F - a +6 ring of intelligence
Wands
 l - a wand of acid (9)
Scrolls
 d - 2 scrolls of teleportation
 x - a scroll of identify
 y - a scroll of poison
 C - a scroll of blinking {unknown}
 G - a scroll of immolation {unknown}
Potions
 e - a potion of lignification
 o - a potion of resistance
 u - 2 potions of might
 z - a potion of ambrosia
 A - a potion of enlightenment {unknown}
 B - a potion of curing
 D - 2 potions of berserk rage {unknown}


   Skills:
 * Level 4.2 Fighting
 + Level 1.0 Short Blades
 + Level 3.7 Staves
 + Level 1.1 Ranged Weapons
 + Level 2.0 Armour
 + Level 4.3 Dodging
 + Level 4.5 Stealth
 + Level 0.2 Shields
 + Level 8.4 Spellcasting
 + Level 5.3 Conjurations
 + Level 6.7 Air Magic


You had 15 spell levels left.
You knew the following spells:

 Your Spells              Type           Power      Damage    Failure   Level
a - Shock                 Conj/Air       100%       1d9       1%          1
b - Static Discharge      Conj/Air       68%        2-5/arc   1%          2
c - Searing Ray           Conj           62%        2d6       1%          2
d - Airstrike             Air            18%        2d(3-19)  7%          4

Your spell library contained the following spells:

 Spells                   Type           Power      Damage    Failure   Level
 Magic Dart               Conj           100%       1d8       1%          1
 Swiftness                Air            37%        N/A       1%          3
 Apportation              Tloc           16%        N/A       11%         1
 Freeze                   Ice            32%        1d5       11%         1
 Necrotise                Necr           32%        1d5       11%         1
 Summon Small Mammal      Summ           32%        N/A       11%         1
 Hailstorm                Conj/Ice       20%        3d6       11%         3
 Call Canine Familiar     Summ           8%         N/A       30%         3
 Frozen Ramparts          Ice            16%        1d3       30%         3
 Portal Projectile        Hex/Tloc       16%        N/A       30%         3
 Vampiric Draining        Necr           8%         2d6       30%         3
 Fulminant Prism          Conj/Hex       10%        3d9       34%         4
 Leda's Liquefaction      Hex/Erth       4%         N/A       71%         4
 Agony                    Necr           8%         N/A       96%         5


Dungeon Overview and Level Annotations

Branches:
Dungeon (9/15)             Temple (0/1) D:6            Lair (0/5) D:9
    Orc (0/2) D:9

Altars:
Dithmenos
Elyvilon
Fedhas
Hepliaklqana
Sif Muna
Uskayaw
Zin

Shops:
D:6 (

Annotations:
D:5 Menkaure


Message History

The vampire mosquito bites you.
The vampire mosquito draws strength from your injuries!
The vampire mosquito bites you but does no damage.
You block the vampire mosquito's attack. x2
The vampire mosquito bites you.
The vampire mosquito draws strength from your injuries!
You hit the vampire mosquito.
The vampire mosquito is almost destroyed.
Your +2 spectral quarterstaff hits the vampire mosquito!
You destroy the vampire mosquito!
Dithmenos accepts your kill. The vampire mosquito bites you.
The vampire mosquito draws strength from your injuries!
The vampire mosquito closely misses you. x2
The vampire mosquito bites you!
The vampire mosquito draws strength from your injuries!
Your Armour skill increases to level 2!
You barely miss the vampire mosquito.
Your +2 spectral quarterstaff closely misses the vampire mosquito.
You block the vampire mosquito's attack.
The vampire mosquito misses you. x2; The vampire mosquito bites you!
The vampire mosquito draws strength from your injuries!
You hit the vampire mosquito.
The vampire mosquito is lightly damaged.
Your +2 spectral quarterstaff misses the vampire mosquito.
You block the vampire mosquito's attack. x2
The vampire mosquito completely misses you.
The vampire mosquito bites you but does no damage.
You sock the vampire mosquito!
The vampire mosquito is moderately damaged.
Your +2 spectral quarterstaff hits the vampire mosquito.
The vampire mosquito closely misses you.
The vampire mosquito barely misses you. The vampire mosquito bites you!
* * * LOW HITPOINT WARNING * * *
The vampire mosquito draws strength from your injuries!
The vampire mosquito bites you.
* * * LOW HITPOINT WARNING * * *
The vampire mosquito draws strength from your injuries!
The vampire mosquito bites you!
You die...

###..#####.###########.....#
######...## ### ##......#
#......##### #.......#
#..........#### ###........#
...<..........### ##...........
................## ##............
.#...............###..........)..
.#................#..............
###......<......@†....)....)..)..
# #............(yy...............
# ##................#............
##.............####...........
##............# #...........
##...........# #...........
###.........# #...........
##.######## ############ ### #


You could see 2 vampire mosquitoes and a friendly +2 spectral quarterstaff.

Vanquished Creatures
  Prince Ribbit (D:7)
  A hornet (D:7)
  Grinder (D:5)
  Sigmund (D:3)
  A wraith (D:6)
  A vampire mosquito (D:7)
  Edmund (D:5)
  A water moccasin (D:6)
  Duvessa (D:6)
  A black bear (D:5)
  A sky beast (D:6)
  An ice beast (D:7)
  An ogre (D:6)
  2 centaurs
  Blork the orc (D:5)
  A bullfrog (D:7)
  A scorpion (D:5)
  Dowan (D:6)
  2 jellies (D:6)
  4 howler monkeys
  Crazy Yiuf (D:5)
  3 sleepcaps
  4 iguanas
  Terence (D:3)
  2 orc wizards
  Robin (D:3)
  10 adders
  2 white imps
  3 worms
  A dart slug (D:1)
  13 orcs
  4 ball pythons
  8 endoplasms
  5 giant cockroaches
  18 goblins
  17 hobgoblins
  4 jackals (D:2)
  4 quokkas
  8 bats
  3 frilled lizards
  7 kobolds
  5 rats
149 creatures vanquished.

Notes
Turn   | Place    | Note
-------+----------+-------------------------------------------
     0 | D:1      | promet the Deep Elf Air Elementalist began the quest for
                  | the Orb.
     0 | D:1      | Reached XP level 1. HP: 10/10 MP: 6/6
   221 | D:1      | Reached XP level 2. HP: 15/15 MP: 4/8
   409 | D:1      | Learned a level 2 spell: Static Discharge
  1031 | D:1      | Reached XP level 3. HP: 19/19 MP: 0/9
  2315 | D:2      | Reached XP level 4. HP: 23/24 MP: 11/11
  2320 | D:2      | Learned a level 2 spell: Searing Ray
  2696 | D:2      | Reached skill level 4 in Spellcasting
  3532 | D:3      | Noticed Sigmund
  3545 | D:3      | Killed Sigmund
  3546 | D:3      | Reached skill level 1 in Fighting
  3546 | D:3      | Reached XP level 5. HP: 22/29 MP: 5/14
  4184 | D:3      | Reached XP level 6. HP: 27/34 MP: 11/15
  4189 | D:3      | Learned a level 4 spell: Airstrike
  4339 | D:3      | Noticed Terence
  4344 | D:3      | Killed Terence
  4693 | D:3      | Reached skill level 5 in Spellcasting
  4945 | D:3      | Reached skill level 1 in Ranged Weapons
  5373 | D:3      | Noticed Robin
  5375 | D:3      | Killed Robin
  6775 | D:5      | Entered Level 5 of the Dungeon
  6830 | D:5      | Found a hide-covered altar of Uskayaw.
  6831 | D:5      | Noticed a +0 hand axe
  6955 | D:5      | Noticed a +0 dagger
  7069 | D:5      | Noticed Blork the orc
  7075 | D:5      | Killed Blork the orc
  7076 | D:5      | Reached XP level 7. HP: 40/40 MP: 5/16
  7347 | D:5      | Found a shadowy altar of Dithmenos.
  7357 | D:5      | Became a worshipper of Dithmenos the Shadowed
  7363 | D:5      | Found a glowing silver altar of Zin.
  7363 | D:5      | Found a hazy altar of Hepliaklqana.
  7376 | D:5      | Found a white marble altar of Elyvilon.
  7379 | D:5      | Found a blossoming altar of Fedhas.
  7422 | D:5      | Reached skill level 1 in Staves
  7588 | D:5      | Noticed Grinder
  7595 | D:5      | Killed Grinder
  7730 | D:5      | Reached skill level 6 in Spellcasting
  8182 | D:5      | Noticed Edmund
  8189 | D:5      | Reached skill level 5 in Air Magic
  8198 | D:5      | Killed Edmund
  8428 | D:5      | Found a runed translucent door.
  8429 | D:5      | Noticed Crazy Yiuf
  8526 | D:5      | Killed Crazy Yiuf
  8527 | D:5      | Reached XP level 8. HP: 45/45 MP: 13/19
  8732 | D:5      | Noticed Menkaure
  9306 | D:6      | Found a shimmering blue altar of Sif Muna.
  9971 | D:6      | Reached skill level 7 in Spellcasting
 10975 | D:6      | Noticed Dowan
 11028 | D:6      | Found Etomag's Weapon Boutique.
 11057 | D:6      | Killed Dowan
 11154 | D:6      | Noticed Duvessa
 11159 | D:6      | Killed Duvessa
 11160 | D:6      | Reached skill level 1 in Short Blades
 11160 | D:6      | Reached skill level 5 in Conjurations
 11432 | D:6      | You are sucked into a shaft and drop 3 floors!
 11726 | D:7      | Noticed Prince Ribbit
 12177 | D:6      | Reached XP level 9. HP: 31/52 MP: 18/22
 12411 | D:6      | Found a staircase to the Ecumenical Temple.
 12742 | D:7      | Reached skill level 1 in Armour
 12747 | D:7      | Reached skill level 8 in Spellcasting
 13085 | D:7      | Killed Prince Ribbit
 13876 | D:7      | Slain by a vampire mosquito

Illustrated notes

Levels and vault maps discovered:
D:1:      lightli_arrival_lavapool, layout_basic
D:2:      layout_loops_ring, chequers_jeans, minmay_tromino_v4_a
D:3:      corexii_shack_village, layout_basic, kennysheep_nondescript,
          hex_large, kennysheep_big_empty_room, uniq_terence, uniq_sigmund,
          uniq_robin
D:4:      layout_loops_corners, amcnicky_mini_corridor_feature
D:5:      layout_loops_corners, dancing_weapons_uskayaw,
          minmay_overflow_temple_star_hex, hangedman_decor_push,
          uniq_crazy_yiuf_cottage, uniq_edmund, uniq_blork_the_orc,
          uniq_menkaure, uniq_grinder
D:6:      layout_loops_corners, tgw_sif, lemuel_temple_firewalk_a, serial_shops,
          nicolae_shop_bloodbath_and_beyond, chequers_garden, uniq_duvessa
D:7:      layout_cave_pods, uniq_prince_ribbit1
D:8:      layout_basic, makhleb_grotto_becter, cheibriados_altar_1,
          serial_shops, nicolae_shop_tiny_waterfront, minmay_door_square,
          kennysheep_just_a_vault
D:9:      layout_big_octagon, david_lair_generic, erik_orc_1

Skill      XL: |  1  2  3  4  5  6  7  8  9 |
---------------+----------------------------+-----
Spellcasting   | 4 5 6 7 8 |  8.4
Conjurations   | 2 3 4 5 |  5.3
Fighting       | 1 2 3 4 |  4.2
Dodging        | 3 4 |  4.3
Stealth        | 3 4 |  4.5
Air Magic      | 4 5 6 |  6.7
Ranged Weapons | 1 |  1.1
Staves         | 1 2 3 |  3.7
Short Blades   | 1 |  1.0
Armour         | 2 |  2.0
Shields        | |  0.2

Action                     |  1- 3 |  4- 6 |  7- 9 || total
---------------------------+-------+-------+-------++-------
  Melee: Dagger            |    31 |       |       ||    31
         Punch             |     1 |       |       ||     1
         Short sword       |    18 |     1 |    13 ||    32
         Quarterstaff      |       |    17 |    63 ||    80
   Fire: Sling             |       |    20 |       ||    20
  Throw: Boomerang         |       |       |     1 ||     1
   Cast: Shock             |    70 |    58 |    56 ||   184
         Static Discharge  |     6 |    14 |    30 ||    50
         Searing Ray       |       |     9 |    11 ||    20
         Airstrike         |       |     4 |    16 ||    20
    Use: Scroll            |     3 |     2 |    11 ||    16
         Potion            |       |     1 |     3 ||     4
   Stab: Sleeping          |       |     3 |       ||     3
 Armour: Robe              |     4 |     1 |     4 ||     9
         Leather armour    |       |       |    23 ||    23
  Dodge: Dodged            |    70 |    24 |   103 ||   197
  Block: Other             |       |       |    14 ||    14

Table legend: (Time is in decaauts)
 A = Elapsed time spent in this place.
 B = Non-inter-level travel time spent in this place.
 C = Inter-level travel time spent in this place.
 D = Time resting spent in this place.
 E = Time spent auto-exploring this place.
 F = Levels seen in this place.
 G = Mean time per level.
                   A        B        C        D        E       F      G
               +--------+--------+--------+--------+--------+-----+--------+
         Total |  13898 |  13740 |    158 |   7332 |   3483 |   9 | 1544.2 |
       Dungeon |  13898 |  13740 |    158 |   7332 |   3483 |   9 | 1544.2 |
               +--------+--------+--------+--------+--------+-----+--------+

Top non-repeatable levels by time:
     D:6: 3043 daAuts
     D:5: 2403 daAuts
     D:3: 2352 daAuts
     D:1: 1695 daAuts
     D:7: 1638 daAuts
     D:2: 1631 daAuts
     D:4: 1102 daAuts
     D:9: 15 daAuts
     D:8: 15 daAuts
